 Dungeon Crawl Stone Soup version 0.17-a0-1923-gc35365e (webtiles) character file.

368 graki42 the Cutter (level 7, 0/70 HPs)
             Began as a Halfling Berserker on Sept 28, 2015.
             Was a Priest of Trog.
             Slain by a gnoll
             ... wielding a +0 halberd
              (9 damage)
             ... on level 4 of the Dungeon.
             The game lasted 00:12:22 (3167 turns).

graki42 the Cutter (Halfling Berserker)             Turns: 3167, Time: 00:12:22

Health: 0/70       AC:  7    Str: 22    XL:     7   Next: 1%
Magic:  7/7        EV: 17    Int:  6    God:    Trog [***...]
Gold:   102        SH:  0    Dex: 16    Spells: 0 memorised, 6 levels left

rFire  + . .     SeeInvis .     v - +2 dagger (vamp)
rCold  + . .     Clarity  .     r - +1 robe {rC+ rF+}
rNeg   . . .     SustAt   .     (shield restricted)
rPois  .         Gourm    .     u - +0 helmet
rElec  .         Spirit   .     B - +2 cloak
rCorr  .         Warding  .     (no gloves)
rMut   .         Stasis   .     (no boots)
MR     .....                    (no amulet)
Stlth  ..........               (no ring)
                                (no ring)

@: berserking, very quick, not resistant to hostile enchantments, extremely
unstealthy
A: mutation resistance 1
a: Burn Spellbooks, Berserk, Trog's Hand, Renounce Religion


You were on level 4 of the Dungeon.
You worshipped Trog.
Trog was most pleased with you.
You were hungry.

You visited 1 branch of the dungeon, and saw 4 of its levels.

You collected 102 gold pieces.

Inventory:

Hand weapons
 a - a +0 short sword
 l - a +1 dagger of speed
 v - a +2 vampiric dagger (weapon)
Armour
 r - a +1 robe of resistance (worn)
 u - a +0 helmet (worn)
 B - a +2 cloak (worn)
Jewellery
 t - an uncursed amulet of rage {unknown}
Magical devices
 z - a wand of lightning (7)
Scrolls
 b - 3 scrolls of amnesia {unknown}
 d - 5 scrolls of random uselessness {unknown}
 e - a scroll of magic mapping {unknown}
 f - 2 scrolls of enchant weapon {unknown}
 g - a scroll of identify {unknown}
 h - 2 scrolls of remove curse {unknown}
 i - 2 scrolls of noise {unknown}
 k - 2 scrolls of teleportation {unknown}
 s - a scroll of fear {unknown}
 w - a scroll of immolation {unknown}
Potions
 j - a potion of flight {unknown}
 m - 2 potions of lignification {unknown}
 n - 2 potions of resistance {unknown}
 o - a potion of agility {unknown}
 p - a potion of heal wounds {unknown}
 q - a potion of haste {unknown}
 x - a potion of might
Books
 y - a book of the Dragon

   Spells                             Type                      Level
   a - Flame Tongue                   Conjuration/Fire             1
   b - Cause Fear                     Hexes                        4
   c - Bolt of Fire                   Conjuration/Fire             6
   d - Dragon Form                    Transmutation                7
   e - Dragon's Call                  Summoning                    9
   Trog disapproves of the use of such an item.
Comestibles
 c - 2 bread rations
 A - a royal jelly


   Skills:
 + Level 3.6 Fighting
 + Level 5.8 Short Blades
 + Level 2.2 Armour
 + Level 4.3 Dodging
 * Level 3.9 Stealth


You had 6 spell levels left.
You didn't know any spells.

Dungeon Overview and Level Annotations

Branches:
Dungeon (4/15)             Temple (0/1) D:4

Altars:


Innate Abilities, Weirdness & Mutations

You are small and have problems with some larger weapons.
You are somewhat resistant to further mutation.


Message History

The gnoll is severely wounded.
The gnoll hits you from afar with a halberd!
You closely miss the gnoll.
The gnoll is severely wounded.
You hit the gnoll.
You feel better.
You kill the gnoll!
Trog accepts your kill.
You have reached level 7!
The gnoll hits you with a halberd!
* * * LOW HITPOINT WARNING * * *
The gnoll hits you with a flail!
* * * LOW HITPOINT WARNING * * *
Things that are here:
a spear; a gnoll corpse You puncture the gnoll!
The gnoll is severely wounded.
You closely miss the gnoll.
The gnoll is severely wounded.
The gnoll hits you with a halberd!
You die...

#.# .#
#..........
#.#
............
#.#
###...#.....
#.# ##.##.....
#.# #8>8..
#.########
..####
#......... ..
#..#######
#....).@g#
.......#####g#
#####..# ...
#..# #### #...
#... #... #.#


You could see 2 gnolls.

Vanquished Creatures
  The ghost of musteatbrain the Sneak, an average KoAs of Makhleb (D:3)
  An orc priest (D:3)
  Terence (D:2)
  Natasha (twice) (D:2)
  Robin (D:3)
  6 adders
  5 gnolls
  A worm (D:2)
  A giant gecko (D:3)
  4 orcs (D:3)
  8 bats
  3 giant cockroaches (D:2)
  20 goblins
  11 hobgoblins
  10 kobolds
  A quokka (D:2)
  A ball python (D:1)
  2 giant newts
  4 jackals
  4 rats
87 creatures vanquished.

Notes
Turn   | Place    | Note
--------------------------------------------------------------
     0 | D:1      | graki42 the Halfling Berserker began the quest for the Orb.
     0 | D:1      | Reached XP level 1. HP: 15/15 MP: 1/1
   163 | D:1      | Reached XP level 2. HP: 9/20 MP: 2/2
   474 | D:1      | Reached XP level 3. HP: 19/26 MP: 3/3
   713 | D:1      | Acquired Trog's second power
  1000 | D:2      | Reached skill level 1 in Stealth
  1000 | D:2      | Reached XP level 4. HP: 22/31 MP: 4/4
  1019 | D:2      | Noticed Terence
  1190 | D:2      | Killed Terence
  1190 | D:2      | Reached skill level 5 in Short Blades
  1400 | D:2      | Noticed Natasha
  1638 | D:2      | Killed Natasha
  1638 | D:2      | Reached XP level 5. HP: 29/36 MP: 5/5
  1820 | D:2      | Noticed Natasha
  1878 | D:2      | Killed Natasha
  2022 | D:3      | Noticed musteatbrain's ghost (average KoAs)
  2072 | D:3      | Killed musteatbrain's ghost
  2072 | D:3      | Reached XP level 6. HP: 32/42 MP: 6/6
  2594 | D:3      | Noticed Robin
  2606 | D:3      | Killed Robin
  3105 | D:4      | Found a staircase to the Ecumenical Temple.
  3164 | D:4      | Reached XP level 7. HP: 33/47 MP: 7/7
  3167 | D:4      | Slain by a gnoll

Vault maps used:
D:1:      minmay_arrival_five_plusses
D:2:      first_bread, nicolae_underground_beach, uniq_terence, uniq_natasha
D:3:      uniq_robin
D:4:      temple_statues, uniq_pikel, uniq_grinder

Action                   |  1- 3 |  4- 6 |  7- 9 || total
-------------------------+-------+-------+-------++-------
Melee: Short sword       |    91 |       |       ||    91
       Dagger            |    40 |   322 |     2 ||   364
Invok: Berserk           |       |     6 |       ||     6
       Trog's Hand       |       |     4 |       ||     4
 Stab: Sleeping          |     2 |     6 |       ||     8
  Eat: Chunk             |       |    12 |       ||    12
       Meat ration       |       |     1 |       ||     1
